 Dungeon Crawl Stone Soup version 0.31-a0-188-g5e087ee2ca (webtiles) character file.

Game seed: 11455562429036902005

56 qw the Shooter (level 3, -8/20 HPs)
             Began as a Deep Elf Hunter on June 23, 2023.
             Killed by divine providence
             ... invoked by an orc priest
              (12 damage)
             ... on level 3 of the Dungeon.
             The game lasted 00:00:32 (983 turns).

qw the Shooter (Deep Elf Hunter)                     Turns: 983, Time: 00:00:33

Health: -8/20      AC:  8    Str: 10    XL:     3   Next: 69%
Magic:  5/5        EV: 11    Int: 13    God:
Gold:   159        SH:  5    Dex: 18    Spells: 2/2 levels left

rFire   . . .        Y - +1 shortbow
rCold   + . .        (shield currently unavailable)
rNeg    . . .        g - +3 ring mail
rPois   .            (no helmet)
rElec   .            (no cloak)
rCorr   .            (no gloves)
SInv    .            (no boots)
Will    .....        h - amulet of reflection
Stlth   +            a - ring of protection from cold
HPRegen 0.23/turn    (no ring)
MPRegen 0.09/turn

%: reflection
@: no status effects
A: no striking features
a: no special abilities


You were on level 3 of the Dungeon.
You visited 1 branch of the dungeon, and saw 3 of its levels.

You collected 159 gold pieces.


   Skills:
 - Level 1.5 Fighting
 + Level 7.2 Ranged Weapons
 - Level 2.4 Dodging
 - Level 1.2 Stealth


You had 2 spell levels left.
You didn't know any spells.
Your spell library was empty.

Inventory:

Hand Weapons
 Y - a +1 shortbow (weapon)
Armour
 g - a +3 ring mail (worn)
Jewellery
 a - a ring of protection from cold (left hand)
 h - an amulet of reflection (around neck)
Potions
 b - a potion of might {unknown}
 j - a potion of haste

Dungeon Overview and Level Annotations

Branches:
Dungeon (3/15)

Altars:


Message History

Enter note:
Enter note:
Enter note:
Enter note:
Enter note:
Enter note:
Enter note: Done exploring.
(D) Dungeon
Where to? (* - list waypoints, Enter - D:2, ? - help)
What level of the Dungeon? (default 1, ? - help)
There is a stone staircase leading down here.
You climb downwards.
The orc priest shouts!
The orc shouts! x2
There is a stone staircase leading up here.
There are monsters nearby!
Waypoint 2 assigned to D:3.
You shoot an arrow. The arrow hits the orc!
You kill the orc!
You shoot an arrow. The arrow hits the orc.
The orc is moderately wounded.
You shoot an arrow.
The arrow hits the orc but does no damage.
The orc is moderately wounded.
You shoot an arrow. The arrow hits the orc.
The orc is heavily wounded.
You shoot an arrow.
The arrow hits the orc but does no damage.
The orc is heavily wounded.
The orc closely misses you. You block the orc's attack.
The orc priest hits you but does no damage.
You shoot an arrow. The arrow hits the orc.
You kill the orc!
The orc priest mumbles some strange prayers to Beogh against you.
Beogh smites you!
Ouch! That really hurt!
983 ||| STAIRDANCE The orc priest calls down the wrath of Beogh upon you.
Beogh smites you!
Ouch! That really hurt!
You die...

## ##.##
#####
##...#......
#...@o.#
##..)###
##.## .. #..
##. #. #.


You could see an orc priest.

Vanquished Creatures
  3 dart slugs
  2 orcs (D:3)
  An endoplasm (D:1)
  4 giant cockroaches
  A goblin (D:2)
  3 hobgoblins
  4 jackals (D:1)
  5 ball pythons (D:1)
  8 bats
  4 frilled lizards
  2 kobolds (D:1)
  9 rats
46 creatures vanquished.

Notes
Turn   | Place    | Note
-------+----------+-------------------------------------------
     0 | D:1      | qw the Deep Elf Hunter began the quest for the Orb.
     0 | D:1      | Reached XP level 1. HP: 12/12 MP: 3/3
     0 | D:1      | 0 ||| qw: Version: 0.3-a-9-g12657ce
     0 | D:1      | 0 ||| qw: Game counter: 3843
     0 | D:1      | 0 ||| qw: Always use a shield: true
     0 | D:1      | 0 ||| qw: God list: Okawaru
     0 | D:1      | 0 ||| qw: Allow faded altars: false
     0 | D:1      | 0 ||| qw: Do Orc after D:15 true
     0 | D:1      | 0 ||| qw: Do second Lair branch before Depths: true
     0 | D:1      | 0 ||| qw: Lair rune preference: random
     0 | D:1      | 0 ||| qw: Plans: Normal
     0 | D:1      | 0 ||| PLANNING D:1-11
    94 | D:1      | Reached XP level 2. HP: 16/16 MP: 4/4
    97 | D:1      | Reached skill level 6 in Ranged Weapons
   104 | D:1      | 104 ||| FLEEEEING.
   106 | D:1      | 106 ||| FLEEEEING.
   107 | D:1      | 107 ||| FLEEEEING.
   193 | D:1      | Found a faded altar of an unknown god.
   268 | D:1      | Reached XP level 3. HP: 20/20 MP: 5/5
   458 | D:1      | 458 ||| UPGRADING to +0 ring mail.
   468 | D:1      | 468 ||| DROPPING +0 leather armour.
   469 | D:1      | 469 ||| UPGRADING to +3 ring mail.
   479 | D:1      | 479 ||| DROPPING +0 ring mail.
   480 | D:1      | 480 ||| UPGRADING to amulet of reflection.
   485 | D:1      | 485 ||| READING scroll labelled YDECHU BUEBB.
   486 | D:1      | 486 ||| READING scroll labelled DIUTTEMOEQ.
   487 | D:1      | 487 ||| READING scroll labelled WIRAIL BOBA.
   488 | D:1      | 488 ||| DROPPING scroll of butterflies.
   674 | D:2      | Reached skill level 7 in Ranged Weapons
   689 | D:2      | 689 ||| FLEEEEING.
   693 | D:2      | 693 ||| FLEEEEING.
   696 | D:2      | 696 ||| FLEEEEING.
   697 | D:2      | 697 ||| FLEEEEING.
   698 | D:2      | 698 ||| FLEEEEING.
   699 | D:2      | 699 ||| FLEEEEING.
   700 | D:2      | 700 ||| STAIRDANCE
   714 | D:1      | 714 ||| UPGRADING to ring of protection from cold.
   715 | D:1      | 715 ||| DRINKING 2 silvery potions.
   718 | D:2      | 718 ||| STAIRDANCE
   982 | D:3      | HP: 4/20 [orc priest/divine providence (16)]
   983 | D:3      | 983 ||| STAIRDANCE
   983 | D:3      | Killed from afar by an orc priest

Levels and vault maps discovered:
D:1:      shiori_arrival_maze, layout_rooms,
          hellmonk_ecumenical_altar_defaced_shrine, minmay_small_reverse_x
D:2:      layout_rooms
D:3:      layout_loops_corners, kennysheep_slug_shrine

Skill      XL: |  1  2  3 |
---------------+----------+-----
Ranged Weapons | 6 7 |  7.2
Fighting       | |  1.5
Dodging        | |  2.4
Stealth        | |  1.2

Action                     || total
---------------------------++-------
   Fire: Shortbow          ||   102
    Use: Scroll            ||     3
         Potion            ||     1
 Armour: Leather armour    ||    10
         Ring mail         ||     3
  Dodge: Dodged            ||    19
  Block: Other             ||     2
         Reflection        ||     1

Table legend:
 A = Non-vault XP
 B = Vault XP
 C = Vault XP percentage of total XP
 D = Non-vault monster count
 E = Vault monster count
 F = Vault count percentage of total count
                 A         B        C        D         E       F
            +---------+---------+-------+---------+---------+-------
      Total |      61 |      19 |  23.8 |      35 |      11 |  23.9
            +---------+---------+-------+---------+---------+-------
        D:1 |      39 |      19 |  32.8 |      24 |      11 |  31.4
        D:2 |      16 |       0 |   0.0 |       9 |       0 |   0.0
        D:3 |       6 |       0 |   0.0 |       2 |       0 |   0.0
            +---------+---------+-------+---------+---------+-------
